 Dungeon Crawl Stone Soup version 0.16.2-12-gd0ad4c3 (webtiles) character file.

4594 faibistes the Thaumaturge (level 10, -7/53 HPs)
             Began as a Deep Elf Wizard on Jan 1, 2018.
             Was an Elder of Sif Muna.
             Engulfed by a cloud of flame (21 damage)
             ... on level 10 of the Dungeon.
             The game lasted 00:39:26 (12171 turns).

faibistes the Thaumaturge (Deep Elf Wizard)        Turns: 12171, Time: 00:39:26

Health: -7/53      AC:  6    Str:  4    XL:     10   Next: 19%
Magic:  3/31       EV: 15    Int: 27    God:    Sif Muna [****..]
Gold:   534        SH:  0    Dex: 13    Spells: 8 memorised, 11 levels left

rFire  . . .     SeeInvis .     N - +6 flail "Stringbean" {freeze, rElec}
rCold  . . .     Clarity  .     a - +0 robe
rNeg   + . .     SustAb   .     (no shield)
rPois  .         Gourm    .     w - +2 helmet
rElec  +         Spirit   .     (no cloak)
rCorr  .         Warding  .     H - +0 pair of gloves
rMut   .         Stasis   .     (no boots)
MR     +....                    (no amulet)
Stlth  ++........               L - +3 ring of slaying
                                r - ring of positive energy

@: repel missiles, somewhat resistant to hostile enchantments, unstealthy
A: no striking features
a: Channel Energy, Forget Spell, Renounce Religion


You were on level 10 of the Dungeon.
You worshipped Sif Muna.
Sif Muna was greatly pleased with you.
You were not hungry.

You visited 2 branches of the dungeon, and saw 12 of its levels.

You collected 534 gold pieces.

Inventory:

Hand weapons
 g - a +0 short sword
 p - a +2 dagger of flaming
 C - a +0 dagger of flaming
 N - the +6 flail "Stringbean" (weapon) {freeze, rElec}
   (You found it on level 9 of the Dungeon)

   It has been specially enchanted to freeze those struck by it, causing extra
   injury to most foes and up to half again as much damage against particularly
   susceptible opponents.
   It can also slow down cold-blooded creatures.
   It insulates you from electricity.
Armour
 a - a +0 robe (worn)
 b - a +0 hat
 v - a +2 helmet
 w - a +2 helmet (worn)
 H - a +0 pair of gloves (worn)
Jewellery
 r - a ring of positive energy (left hand)
 L - a +3 ring of slaying (right hand)
Magical devices
 y - a wand of cold (8)
 J - a wand of polymorph (0)
Scrolls
 e - a scroll of magic mapping
 h - 2 scrolls of immolation
 k - 2 scrolls of enchant weapon
 m - 2 scrolls of recharging
 n - 9 scrolls of remove curse
 t - a scroll of identify
 O - a scroll of blinking
Potions
 f - 2 potions of restore abilities
 l - a potion of ambrosia
 o - a potion of curing
 q - a potion of cure mutation
 s - a potion of haste
 u - 2 potions of magic
 x - a potion of berserk rage
 z - 4 potions of heal wounds
 A - a potion of agility
 B - a potion of invisibility
 D - a potion of cancellation
 I - a potion of lignification
Books
 c - a book of Minor Magic

   Spells                             Type                      Level
   a - Magic Dart                     Conjuration                  1
   b - Blink                          Translocation                2
   c - Call Imp                       Summoning                    2
   d - Repel Missiles                 Charms/Air                   2
   e - Slow                           Hexes                        2
   f - Conjure Flame                  Conjuration/Fire             3
   g - Mephitic Cloud                 Conjuration/Poison/Air       3
 E - a book of Battle

   Spells                             Type                      Level
   a - Infusion                       Charms                       1
   b - Shroud of Golubria             Charms/Translocation         2
   c - Song of Slaying                Charms                       2
   d - Spectral Weapon                Hexes/Charms                 3
   e - Regeneration                   Charms/Necromancy            3
 M - the Disquisition on Cankerous Combat Magic
   (You found it on level 8 of the Dungeon)

   Spells                             Type                      Level
   a - Sting                          Conjuration/Poison           1
   b - Venom Bolt                     Conjuration/Poison           5
   c - Poisonous Cloud                Conjuration/Poison/Air       6
Comestibles
 d - 9 bread rations
 i - 6 meat rations
 j - a slice of pizza
 F - a royal jelly
 G - 9 chunks of flesh
 K - a beef jerky


   Skills:
 + Level 2.2 Fighting
 + Level 6.0 Dodging
 - Level 2.4 Stealth
 * Level 10.2 Spellcasting
 + Level 6.3 Conjurations
 + Level 3.4 Charms
 - Level 4.5 Summonings
 + Level 3.6 Translocations
 * Level 5.1 Fire Magic
 - Level 4.4 Air Magic
 - Level 3.2 Poison Magic
 * Level 3.3 Invocations
 + Level 2.5 Evocations


You had 11 spell levels left.
You knew the following spells:

 Your Spells              Type           Power        Failure   Level  Hunger
a - Magic Dart            Conj           ####         1%          1    None
b - Conjure Flame         Conj/Fire      #####...     1%          3    None
c - Call Imp              Summ           #####...     1%          2    None
d - Blink                 Tloc           N/A          1%          2    None
e - Mephitic Cloud        Conj/Pois/Air  #####...     1%          3    None
f - Repel Missiles        Chrm/Air       #####.       1%          2    None
g - Shroud of Golubria    Chrm/Tloc      ####......   1%          2    None
h - Regeneration          Chrm/Necr      ###.......   10%         3    None


Dungeon Overview and Level Annotations

Branches:
Dungeon (11/15)            Temple (1/1) D:4
   Lair: D:8-11         Orc: D:9-12

Altars:
Ashenzari
Cheibriados
Elyvilon
Fedhas
Gozag
Kikubaaqudgha
Makhleb
Nemelex Xobeh
Okawaru
Qazlal
Ru
Sif Muna
Trog
Vehumet
Xom
Yredelemnul
Zin
The Shining One

Shops:
D:8 %

Annotations:
D:10 Harold
D:11 Joseph


Message History

Harold shouts!
Harold throws a throwing net.
The throwing net misses you.
The swamp drake misses your crimson imp.
You see here a throwing net.
Evoke which item? (* to show all) (? for menu, Esc to quit)
Zapping:
y - a wand of cold (9)
Press: ? - help, Shift-Dir - straight line, f - Harold
Aim: Harold, wielding a scimitar and wearing a ring mail The bolt of cold hits Harold.
Harold is lightly wounded.
This wand has 8 charges left.
Harold throws a throwing net.
The throwing net hits you.
You become entangled in the net!
The swamp drake closely misses your crimson imp.
Something hits you but does no damage. Something bites you.
* * * LOW HITPOINT WARNING * * *
The ice beast closely misses your crimson imp.
Casting: Conjure Flame
Confirm with . or Enter, or press ? or * to list all spells.
You blink.
You are engulfed in roaring flames.
You die...

#.@ # #.. # #.# #### ..# #
#.###/. ...# # ... #.##... .o#
. # ... .... #.##..###.## ..# #
#.......... #§##..##.#.##.!# #
#.......... #.##..#!.o....)# #
#..........##@##..Y#.....?#
####..§........Y5##.o#§W..#
>....H..........k##W.##Y.## ###
................o##k§##..###..#
.......#.........##aO.#..##...#
.......#.........##.V#...##...#
.......#.........##...#..##...#
.......#..........'..##..'....#
.......#..........'..##..'....#


You could see Harold, a swamp drake, an orc warrior, an ice beast and a friendly
crimson imp.

Vanquished Creatures
  A troll (D:11)
  A two-headed ogre (D:9)
  Prince Ribbit (D:4)
  5 yaks (D:11)
  A hippogriff (D:7)
  2 hungry ghosts
  A black bear (D:6)
  An ice beast (D:6)
  2 phantoms
  4 centaurs
  Duvessa (D:5)
  A big kobold (D:5)
  9 giant frogs
  A jelly (D:6)
  3 scorpions
  2 wights (D:7)
  A goliath beetle (D:6)
  Dowan (D:5)
  4 crimson imps
  2 giant frog zombies
  A centaur zombie (D:5)
  A giant frog skeleton (D:8)
  An iguana (D:6)
  3 hounds
  A centaur skeleton (D:7)
  2 orc priests
  2 orc wizards (D:7)
  Natasha (twice) (D:6)
  5 worker ants
  2 killer bee zombies
  2 hound skeletons
  4 worker ant zombies
  Robin (D:3)
  4 gnolls
  8 adders
  2 shadow imps
  A giant mite (D:11)
  3 worms
  2 adder skeletons
  6 giant geckos
  An ooze (D:3)
  17 orcs
  18 bats
  9 giant cockroaches
  21 goblins
  15 hobgoblins
  9 jackals
  A ball python (D:3)
  A giant gecko skeleton (D:5)
  6 giant newts
  A giant spore (D:8)
  21 kobolds
  2 quokkas
  A quokka zombie (D:6)
  14 rats
  2 ballistomycetes (D:8)
236 creatures vanquished.

Vanquished Creatures (collateral kills)
  An adder (D:3)
1 creature vanquished.

Vanquished Creatures (others)
  A centaur (D:8)
  2 white imps
3 creatures vanquished.

Grand Total: 240 creatures vanquished

Notes
Turn   | Place    | Note
--------------------------------------------------------------
     0 | D:1      | faibistes, the Deep Elf Wizard, began the quest for the Orb.
     0 | D:1      | Reached XP level 1. HP: 10/10 MP: 6/6
   424 | D:1      | Reached XP level 2. HP: 15/15 MP: 7/10
   430 | D:1      | Learned a level 2 spell: Blink
   436 | D:1      | Learned a level 2 spell: Call Imp
   538 | D:1      | Reached skill level 5 in Spellcasting
   855 | D:2      | Found an opulent altar of Gozag.
   914 | D:2      | Reached XP level 3. HP: 19/19 MP: 10/14
   924 | D:2      | Learned a level 3 spell: Conjure Flame
   928 | D:2      | Learned a level 3 spell: Mephitic Cloud
  1050 | D:3      | Noticed a phantom
  1691 | D:3      | Killed a phantom
  1691 | D:3      | Reached XP level 4. HP: 16/24 MP: 0/18
  1695 | D:3      | Learned a level 2 spell: Repel Missiles
  1836 | D:2      | Reached skill level 6 in Spellcasting
  1846 | D:2      | Found a shimmering altar of Xom.
  2125 | D:2      | You fall through a shaft for 2 floors!
  2272 | D:3      | Reached XP level 5. HP: 28/28 MP: 15/20
  2363 | D:3      | Found a snail-covered altar of Cheibriados.
  3452 | D:3      | Noticed Robin
  3606 | D:3      | Killed Robin
  3892 | D:5      | Entered Level 5 of the Dungeon
  4003 | D:4      | Noticed Prince Ribbit
  4012 | D:4      | Killed Prince Ribbit
  4012 | D:4      | Reached skill level 7 in Spellcasting
  4012 | D:4      | Reached XP level 6. HP: 32/32 MP: 4/23
  4152 | D:4      | Found a deep blue altar of Sif Muna.
  4155 | D:4      | Became a worshipper of Sif Muna the Loreminder
  4378 | D:4      | Found a sacrificial altar of Ru.
  4511 | D:4      | Found a staircase to the Ecumenical Temple.
  4533 | Temple   | Entered the Ecumenical Temple
  5007 | D:5      | Reached skill level 1 in Air Magic
  5007 | D:5      | Reached XP level 7. HP: 22/36 MP: 11/25
  5376 | D:5      | Found a sparkling altar of Nemelex Xobeh.
  5380 | D:5      | Found a shattered altar of Ashenzari.
  5385 | D:5      | Found a glowing silver altar of Zin.
  5485 | D:6      | Reached skill level 1 in Fire Magic
  5767 | D:5      | Acquired Sif Muna's first power
  5767 | D:5      | Reached skill level 1 in Poison Magic
  5913 | D:6      | Noticed Duvessa
  5924 | D:5      | Reached skill level 8 in Spellcasting
  6183 | D:6      | Noticed Dowan
  6239 | D:5      | Killed Duvessa
  6239 | D:5      | Reached XP level 8. HP: 31/41 MP: 19/27
  6375 | D:5      | Killed Dowan
  6596 | D:5      | Found a burning altar of Makhleb.
  6743 | D:5      | Acquired Sif Muna's second power
  7286 | D:6      | Reached skill level 5 in Conjurations
  7420 | D:6      | Noticed Natasha
  7425 | D:6      | Killed Natasha
  7425 | D:6      | Reached skill level 5 in Dodging
  8789 | D:7      | Reached skill level 9 in Spellcasting
  9143 | D:7      | Reached XP level 9. HP: 45/45 MP: 24/29
  9533 | D:6      | Noticed Natasha
  9539 | D:6      | Killed Natasha
  9967 | D:7      | Reached skill level 1 in Charms
 10082 | D:7      | Learned a level 2 spell: Shroud of Golubria
 10086 | D:7      | Learned a level 3 spell: Regeneration
 10320 | D:7      | Found an iron altar of Okawaru.
 10323 | D:7      | Found a bloodstained altar of Trog.
 10593 | D:8      | Found Iwa Skiz's Food Shoppe.
 10629 | D:8      | Reached skill level 1 in Invocations
 10695 | D:8      | Identified the Disquisition on Cankerous Combat Magic
 10709 | D:8      | Found a glowing golden altar of the Shining One.
 10737 | D:9      | Got an ichor-stained flail
 10738 | D:9      | Identified the +6 flail "Stringbean" {freeze, rElec} (You found it on level 9 of the Dungeon)
 10971 | D:8      | Reached skill level 1 in Fighting
 10971 | D:8      | Reached skill level 1 in Evocations
 11962 | D:9      | Acquired Sif Muna's third power
 12015 | D:10     | Entered Level 10 of the Dungeon
 12026 | D:11     | Reached skill level 10 in Spellcasting
 12028 | D:11     | Reached XP level 10. HP: 53/53 MP: 8/31
 12033 | D:11     | Reached skill level 5 in Fire Magic
 12047 | D:11     | Noticed Joseph
 12169 | D:10     | Noticed Harold
 12171 | D:10     | Engulfed by a cloud of flame

Action                   |  1- 3 |  4- 6 |  7- 9 | 10-12 || total
-------------------------+-------+-------+-------+-------++-------
Melee: Short sword       |     6 |       |       |       ||     6
       Dagger            |       |    22 |   132 |       ||   154
       Flail             |       |       |    35 |     6 ||    41
 Cast: Magic Dart        |   100 |   135 |   366 |     5 ||   606
       Conjure Flame     |     1 |    10 |    45 |     2 ||    58
       Call Imp          |       |     3 |     1 |     2 ||     6
       Repel Missiles    |       |     1 |       |       ||     1
       Mephitic Cloud    |       |     7 |    28 |     6 ||    41
       Blink             |       |     1 |    11 |     3 ||    15
Invok: Channel Energy    |       |       |       |     1 ||     1
Evoke: Wand              |       |       |     1 |     5 ||     6
  Use: Potion            |     1 |       |       |     2 ||     3
       Scroll            |       |     7 |    17 |       ||    24
 Stab: Confused          |       |     2 |     9 |       ||    11
       Sleeping          |       |       |     3 |       ||     3
  Eat: Chunk             |     1 |    11 |    22 |     1 ||    35
       Fruit             |       |       |     1 |       ||     1
